 Dungeon Crawl Stone Soup version 0.29.1 (webtiles) character file.

Game seed: 15005103779576526401

3796 qw the Cleaver (level 9, -1/112 HPs)
             Began as a Minotaur Berserker on Sept 13, 2022.
             Was a Priest of Trog.
             Slain by a two-headed ogre
             ... wielding a +0 giant club
              (26 damage)
             ... on level 8 of the Dungeon.
             The game lasted 00:02:20 (7158 turns).

qw the Cleaver (Minotaur Berserker)                 Turns: 7158, Time: 00:02:20

Health: -1/112     AC: 17    Str: 26    XL:     9   Next: 96%
Magic:  8/8        EV: 10    Int:  4    God:    Trog [***...]
Gold:   160        SH: 10    Dex: 12    Spells: 8/8 levels left

rFire   . . .      SeeInvis .   Y - +0 war axe
rCold   . . .      Faith    .   g - +0 kite shield
rNeg    . . .      Spirit   .   h - +0 plate armour
rPois   .          Reflect  .   a - +2 hat "Uluma" {Dex+2}
rElec   .          Harm     .   d - +0 cloak
rCorr   .          Rampage  .   p - +0 pair of gloves
Will    .....                   (no boots)
Stlth   ..........              m - amulet of regeneration
HPRegen 1.08/turn               n - +4 ring of evasion
MPRegen 0.11/turn               (no ring)

@: berserking (expiring), slow
A: horns 2, retaliatory headbutt
a: Renounce Religion, Berserk, Trog's Hand


You were on level 8 of the Dungeon.
You worshipped Trog.
Trog was most pleased with you.
You visited 1 branch of the dungeon, and saw 8 of its levels.

You collected 388 gold pieces.
You spent 228 gold pieces at shops.


Innate Abilities, Weirdness & Mutations

You have a pair of horns on your head.
You reflexively headbutt those who attack you in melee.


   Skills:
 + Level 6.2 Fighting
 - Level 12.7 Axes
 - Level 2.3 Throwing
 - Level 6.1 Armour
 - Level 2.1 Dodging
 - Level 8.6 Shields


You had 8 spell levels left.
You didn't know any spells.
Your spell library was empty.

Inventory:

Hand Weapons
 l - a +0 antimagic morningstar
 Y - a +0 war axe (weapon)
Missiles
 e - 8 boomerangs
 j - 8 javelins (quivered)
 k - 3 boomerangs of dispersal
Armour
 a - the +2 hat "Uluma" (worn) {Dex+2}
   (You acquired it on level 1 of the Dungeon)

   Dex:       It affects your dexterity (+2).
 d - a +0 cloak (worn)
 g - a +0 kite shield (worn)
 h - a +0 plate armour (worn)
 p - a +0 pair of gloves (worn)
Jewellery
 m - an amulet of regeneration (around neck)
 n - a +4 ring of evasion (left hand)
Scrolls
 c - 2 scrolls of identify
Potions
 b - a potion of might
 f - a potion of mutation
 i - 2 potions of curing
 o - a potion of cancellation
 q - a potion of resistance

Dungeon Overview and Level Annotations

Branches:
Dungeon (8/15)             Temple (0/1) D:5
   Lair: D:8-11

Altars:
Cheibriados
Fedhas
Kikubaaqudgha
Ru
Uskayaw
Yredelemnul

Shops:
D:4 =   D:6 *

Annotations:
D:3 1 runed translucent door, qw's ghost, amateur GrFi


Message History

You completely miss the orc warrior.
The orc warrior is moderately wounded.
You block the orc warrior's attack.
You closely miss the orc warrior.
You headbutt the orc warrior, but do no damage.
The orc warrior is moderately wounded.
You completely miss the bullfrog. You closely miss the two-headed ogre.
You block the bullfrog's attack.
Your unstable footing causes you to fumble your attack.
The bullfrog hits you. You block the two-headed ogre's attack.
The two-headed ogre barely misses you.
The orc warrior hits you with a +0 long sword!
You slash the orc warrior! You headbutt the orc warrior.
The orc warrior is almost dead.
You slash the bullfrog! You closely miss the two-headed ogre.
You block the bullfrog's attack. You block the orc warrior's attack.
Your unstable footing causes you to fumble your attack.
The bullfrog hits you but does no damage.
The two-headed ogre hits you with a +0 giant club!!
The two-headed ogre hits you with a +0 giant club!
Your unstable footing causes you to fumble your attack.
The bullfrog hits you but does no damage.
The orc warrior hits you with a +0 long sword.
You slice the orc warrior!!
You kill the orc warrior!
Trog accepts your kill.
You closely miss the bullfrog. You closely miss the two-headed ogre.
The bullfrog barely misses you.
Your unstable footing causes you to fumble your attack.
The two-headed ogre hits you with a +0 giant club!
You block the two-headed ogre's attack. You block the bullfrog's attack.
You barely miss the bullfrog. You headbutt the bullfrog!
You kill the bullfrog!
Trog accepts your kill.
You hit the two-headed ogre but do no damage.
Your Armour skill increases to level 6!
You hit the two-headed ogre. You headbutt the two-headed ogre!
The two-headed ogre is moderately wounded.
The two-headed ogre hits you with a +0 giant club!!
You die...

.####.##.##...###
).)............. #
))...#..#####..# .#
.#.#..###.#.)..# ##.#.
.#.#.##..##.#..####.....
...#.##...#....#........
.#...##.##.....#.~~~~...
.#.#.#..#.#.#....._~..#
.#.#.....#..#...@O~...##
..#.#...##..#..)%.~~....
#..#.#..#..#.#...#....##
#...#.#.###..#.#......#
####.#.## ##...#.##.#.#
#.#.# #.#:..# .. # # .##
#.##.#.# .. #. ... ..#..
..# .# ## ###


You could see a two-headed ogre.

Vanquished Creatures
  A boulder beetle (D:8)
  A manticore (D:8)
  A wyvern (D:8)
  Eustachio (D:6)
  2 steam dragons (D:8)
  An acid dragon (D:8)
  A water moccasin (D:5)
  3 orc warriors
  A sky beast (D:6)
  2 black bears
  3 ogres
  3 centaurs
  Blork the orc (D:5)
  A bullfrog (D:8)
  2 kobold brigands (D:8)
  4 scorpions
  A wight (D:8)
  3 orc priests
  2 hounds
  2 jellies (D:5)
  An iguana (D:5)
  3 gnolls (D:2)
  7 adders
  2 ufetubi
  A worm (D:7)
  2 dart slugs
  23 orcs
  2 bat zombies (D:6)
  8 endoplasms
  5 giant cockroaches
  17 goblins
  A hobgoblin (D:1)
  8 jackals (D:1)
  8 kobolds
  3 quokkas
  7 ball pythons
  7 bats
  3 frilled lizards
  5 rats
  A rat zombie (D:6)
150 creatures vanquished.

Notes
Turn   | Place    | Note
-------+----------+-------------------------------------------
     0 | D:1      | qw the Minotaur Berserker began the quest for the Orb.
     0 | D:1      | Reached XP level 1. HP: 19/19 MP: 0/0
     0 | D:1      | 0 ||| qw: Version: 0.1-a-119-g272c26d
     0 | D:1      | 0 ||| qw: Game counter: 11149
     0 | D:1      | 0 ||| qw: Always use a shield: true
     0 | D:1      | 0 ||| qw: Do Orc after D:15 true
     0 | D:1      | 0 ||| qw: Do second Lair branch before Depths: true
     0 | D:1      | 0 ||| qw: Lair rune preference: random
     0 | D:1      | 0 ||| qw: Plans: Normal
     0 | D:1      | 0 ||| PLANNING D:1-11
    51 | D:1      | Reached skill level 4 in Axes
   402 | D:1      | Reached XP level 2. HP: 23/26 MP: 1/1
   523 | D:1      | Found a faded altar of an unknown god.
   712 | D:1      | 712 ||| Stepping ~*~*~tactically~*~*~ (stealth).
   805 | D:1      | Reached skill level 5 in Axes
   894 | D:1      | 894 ||| INVOKING Berserk.
   896 | D:1      | Reached XP level 3. HP: 17/31 MP: 2/2
  1162 | D:1      | Reached ** piety under Trog
  1164 | D:1      | 1164 ||| UPGRADING to +0 leather armour.
  1174 | D:1      | 1174 ||| DROPPING +0 animal skin.
  1175 | D:1      | 1175 ||| UPGRADING to +0 scale mail.
  1185 | D:1      | 1185 ||| DROPPING +0 leather armour.
  1186 | D:1      | 1186 ||| DROPPING ring of magical power.
  1187 | D:1      | 1187 ||| READING scroll labelled TUNGENI ZEANUXT.
  1188 | D:1      | 1188 ||| READING scroll labelled ISTROF GA EQERYMI.
  1191 | D:1      | 1191 ||| READING scroll labelled GONOGH KULAMAM.
  1192 | D:1      | 1192 ||| READING scroll labelled SEIGEC IBEHO.
  1192 | D:1      | Identified a scroll of acquirement
  1192 | D:1      | 1192 ||| ACQUIRING +2 hat "Uluma" {Dex+2}
  1192 | D:1      | Acquired the +2 hat "Uluma" {Dex+2}
  1194 | D:1      | 1194 ||| UPGRADING to +2 hat "Uluma" {Dex+2}.
  1199 | D:1      | 1199 ||| READING scroll labelled BEUCIA LIPS.
  1224 | D:2      | Identified the +6 short sword "Zutz" {vorpal, rCorr Str+3
                  | SInv}
  1234 | D:2      | 1234 ||| INVOKING Berserk.
  1235 | D:2      | 1235 ||| INVOKING Berserk.
  1346 | D:2      | 1346 ||| DROPPING +0 club.
  1483 | D:2      | Reached XP level 4. HP: 38/39 MP: 3/3
  1506 | D:2      | 1506 ||| Stepping ~*~*~tactically~*~*~ (stealth).
  1507 | D:2      | 1507 ||| Stepping ~*~*~tactically~*~*~ (stealth).
  1508 | D:2      | 1508 ||| Stepping ~*~*~tactically~*~*~ (stealth).
  1514 | D:2      | Reached skill level 6 in Axes
  1776 | D:2      | Identified the +0 mace of a treasure trove {spect, Int+8}
  1778 | D:2      | 1778 ||| DROPPING +0 whip.
  1822 | D:2      | 1822 ||| Stepping ~*~*~tactically~*~*~ (stealth).
  1823 | D:2      | 1823 ||| Stepping ~*~*~tactically~*~*~ (stealth).
  1829 | D:2      | 1829 ||| Stepping ~*~*~tactically~*~*~ (stealth).
  2155 | D:2      | 2155 ||| READING scroll labelled MUPYNI HEIMN.
  2156 | D:2      | 2156 ||| READING 2 scrolls labelled YVONUE GIDU.
  2157 | D:2      | 2157 ||| DRINKING 2 blue potions.
  2158 | D:2      | 2158 ||| DROPPING potion of attraction.
  2260 | D:3      | 2260 ||| Stepping ~*~*~tactically~*~*~ (stealth).
  2261 | D:3      | 2261 ||| Stepping ~*~*~tactically~*~*~ (stealth).
  2276 | D:3      | 2276 ||| Stepping ~*~*~tactically~*~*~ (stealth).
  2281 | D:3      | 2281 ||| Stepping ~*~*~tactically~*~*~ (stealth).
  2283 | D:3      | 2283 ||| Stepping ~*~*~tactically~*~*~ (hiding).
  2463 | D:3      | 2463 ||| Stepping ~*~*~tactically~*~*~ (stealth).
  2473 | D:3      | 2473 ||| Stepping ~*~*~tactically~*~*~ (stealth).
  2478 | D:3      | 2478 ||| Stepping ~*~*~tactically~*~*~ (stealth).
  2479 | D:3      | 2479 ||| Stepping ~*~*~tactically~*~*~ (stealth).
  2480 | D:3      | 2480 ||| Stepping ~*~*~tactically~*~*~ (stealth).
  2481 | D:3      | 2481 ||| Stepping ~*~*~tactically~*~*~ (stealth).
  2482 | D:3      | 2482 ||| Stepping ~*~*~tactically~*~*~ (stealth).
  2485 | D:3      | 2485 ||| Stepping ~*~*~tactically~*~*~ (stealth).
  2487 | D:3      | Reached skill level 1 in Throwing
  2487 | D:3      | 2487 ||| Stepping ~*~*~tactically~*~*~ (stealth).
  2492 | D:3      | 2492 ||| Stepping ~*~*~tactically~*~*~ (stealth).
  2505 | D:3      | 2505 ||| Stepping ~*~*~tactically~*~*~ (stealth).
  2506 | D:3      | 2506 ||| Stepping ~*~*~tactically~*~*~ (stealth).
  2507 | D:3      | 2507 ||| Stepping ~*~*~tactically~*~*~ (stealth).
  2576 | D:3      | Found a hide-covered altar of Uskayaw.
  2580 | D:3      | Noticed a +0 hand axe
  2581 | D:3      | Noticed a +0 hand axe
  2602 | D:3      | 2602 ||| Stepping ~*~*~tactically~*~*~ (stealth).
  2677 | D:3      | 2677 ||| DROPPING +0 mace of a treasure trove {spect,
                  | Int+8}.
  2812 | D:3      | Found a runed translucent door.
  2815 | D:3      | Noticed qw's ghost (amateur GrFi)
  2969 | D:3      | 2969 ||| UPGRADING to +0 plate armour.
  2979 | D:3      | 2979 ||| DROPPING +0 scale mail.
  2980 | D:3      | 2980 ||| UPGRADING to +4 ring of evasion.
  2981 | D:3      | 2981 ||| READING scroll labelled RAUDOA SOKUTZ.
  2982 | D:3      | 2982 ||| READING scroll labelled YGEPYSUEHAUW.
  2983 | D:3      | 2983 ||| DRINKING 2 coppery potions.
  2984 | D:3      | 2984 ||| DROPPING scroll of immolation.
  3047 | D:4      | Noticed a scorpion
  3049 | D:4      | Killed a scorpion
  3050 | D:4      | Reached skill level 7 in Axes
  3050 | D:4      | Reached XP level 5. HP: 41/45 MP: 4/4
  3081 | D:4      | Reached *** piety under Trog
  3135 | D:4      | Found Ynkot's Jewellery Shop.
  3137 | D:4      | Noticed an ogre
  3141 | D:4      | 3141 ||| INVOKING Berserk.
  3143 | D:4      | Killed an ogre
  3144 | D:4      | Reached XP level 6. HP: 56/56 MP: 5/5
  3192 | D:4      | 3192 ||| FLEEEEING.
  3203 | D:4      | 3203 ||| SHOPLISTING +4 ring of evasion (468 gold, have
                  | 174).
  3203 | D:4      | 3203 ||| SHOPLISTING +4 ring of protection (468 gold, have
                  | 174).
  3203 | D:4      | 3203 ||| SHOPLISTING +6 ring of dexterity (468 gold, have
                  | 174).
  3203 | D:4      | 3203 ||| SHOPLISTING +6 ring of strength (468 gold, have
                  | 174).
  3203 | D:4      | 3203 ||| SHOPLISTING ring "Kuotiq" {rN+ Str+6 Dex+4} (722
                  | gold, have 174).
  3213 | D:4      | 3213 ||| Stepping ~*~*~tactically~*~*~ (hiding).
  3214 | D:4      | 3214 ||| Stepping ~*~*~tactically~*~*~ (hiding).
  3284 | D:4      | 3284 ||| SWAPPING to +0 war axe.
  3285 | D:4      | 3285 ||| DROPPING +1 hand axe.
  3308 | D:4      | 3308 ||| Stepping ~*~*~tactically~*~*~ (stealth).
  3312 | D:4      | 3312 ||| Stepping ~*~*~tactically~*~*~ (stealth).
  3313 | D:4      | 3313 ||| Stepping ~*~*~tactically~*~*~ (stealth).
  3317 | D:4      | 3317 ||| Stepping ~*~*~tactically~*~*~ (stealth).
  3324 | D:4      | Reached skill level 3 in Armour
  3604 | D:4      | 3604 ||| READING scroll labelled YNETSI ACVUZI.
  3605 | D:4      | 3605 ||| READING 5 scrolls of identify.
  3605 | D:4      | 3605 ||| IDENTIFYING orange potion
  3606 | D:4      | 3606 ||| READING 4 scrolls of identify.
  3606 | D:4      | 3606 ||| IDENTIFYING sedimented coppery potion
  3607 | D:4      | 3607 ||| READING 3 scrolls of identify.
  3607 | D:4      | 3607 ||| IDENTIFYING smoky sapphire potion
  3608 | D:4      | 3608 ||| DROPPING potion of flight.
  3609 | D:4      | 3609 ||| DROPPING potion of brilliance.
  3629 | D:5      | Entered Level 5 of the Dungeon
  3630 | D:5      | 3630 ||| Stepping ~*~*~tactically~*~*~ (hiding).
  3780 | D:5      | Found a basalt altar of Yredelemnul.
  3805 | D:5      | 3805 ||| Stepping ~*~*~tactically~*~*~ (stealth).
  3812 | D:5      | 3812 ||| Stepping ~*~*~tactically~*~*~ (hiding).
  3816 | D:5      | 3816 ||| Stepping ~*~*~tactically~*~*~ (hiding).
  3821 | D:5      | 3821 ||| INVOKING Berserk.
  3827 | D:5      | Reached skill level 8 in Axes
  3833 | D:5      | 3833 ||| Stepping ~*~*~tactically~*~*~ (hiding).
  3986 | D:5      | Reached XP level 7. HP: 61/61 MP: 6/6
  3989 | D:5      | Found a sacrificial altar of Ru.
  4015 | D:5      | Noticed Blork the orc
  4019 | D:5      | 4019 ||| INVOKING Berserk.
  4022 | D:5      | Killed Blork the orc
  4023 | D:5      | Reached skill level 9 in Axes
  4141 | D:5      | 4141 ||| DROPPING +0 flail.
  4173 | D:5      | Reached skill level 10 in Axes
  4224 | D:5      | 4224 ||| Stepping ~*~*~tactically~*~*~ (hiding).
  4225 | D:5      | 4225 ||| Stepping ~*~*~tactically~*~*~ (hiding).
  4378 | D:5      | Found a staircase to the Ecumenical Temple.
  4394 | D:5      | 4394 ||| INVOKING Berserk.
  4397 | D:5      | Reached XP level 8. HP: 68/68 MP: 7/7
  4584 | D:5      | 4584 ||| UPGRADING to +0 kite shield.
  4589 | D:5      | 4589 ||| READING scroll labelled AFUSON ULARIM.
  4590 | D:5      | 4590 ||| DRINKING 2 fuming purple potions.
  4619 | D:5      | 4619 ||| READING 3 scrolls of identify.
  4619 | D:5      | 4619 ||| IDENTIFYING sedimented emerald potion
  4620 | D:5      | 4620 ||| DROPPING potion of lignification.
  4772 | D:6      | 4772 ||| Stepping ~*~*~tactically~*~*~ (stealth).
  4774 | D:6      | 4774 ||| Stepping ~*~*~tactically~*~*~ (stealth).
  4779 | D:6      | Reached skill level 1 in Shields
  4791 | D:6      | 4791 ||| DROPPING +0 war axe of distortion.
  4806 | D:6      | 4806 ||| Stepping ~*~*~tactically~*~*~ (stealth).
  4807 | D:6      | 4807 ||| Stepping ~*~*~tactically~*~*~ (stealth).
  4814 | D:6      | 4814 ||| Stepping ~*~*~tactically~*~*~ (stealth).
  4846 | D:6      | 4846 ||| INVOKING Berserk.
  4850 | D:6      | Reached skill level 3 in Shields
  4990 | D:6      | Noticed Eustachio
  4991 | D:6      | 4991 ||| Stepping ~*~*~tactically~*~*~ (stealth).
  4993 | D:6      | 4993 ||| Stepping ~*~*~tactically~*~*~ (stealth).
  4994 | D:6      | 4994 ||| Stepping ~*~*~tactically~*~*~ (stealth).
  4995 | D:6      | 4995 ||| Stepping ~*~*~tactically~*~*~ (stealth).
  4998 | D:6      | 4998 ||| INVOKING Berserk.
  5004 | D:6      | Killed Eustachio
  5191 | D:6      | Found Cuurufor's Assorted Antiques.
  5198 | D:6      | 5198 ||| BUYING brown potion (27 gold).
  5198 | D:6      | Bought a brown potion for 27 gold pieces
  5198 | D:6      | 5198 ||| BUYING pair of gloves (139 gold).
  5198 | D:6      | Bought a pair of gloves for 139 gold pieces
  5198 | D:6      | 5198 ||| BUYING scroll of identify (62 gold).
  5198 | D:6      | Bought a scroll of identify for 62 gold pieces
  5231 | D:6      | 5231 ||| INVOKING Berserk.
  5236 | D:6      | Reached skill level 6 in Shields
  5518 | D:6      | 5518 ||| Stepping ~*~*~tactically~*~*~ (stealth).
  5519 | D:6      | 5519 ||| Stepping ~*~*~tactically~*~*~ (stealth).
  5522 | D:6      | 5522 ||| Stepping ~*~*~tactically~*~*~ (stealth).
  5525 | D:6      | 5525 ||| INVOKING Berserk.
  5667 | D:6      | Found an ancient bone altar of Kikubaaqudgha.
  5812 | D:6      | 5812 ||| UPGRADING to +0 pair of gloves.
  5817 | D:6      | 5817 ||| UPGRADING to amulet of regeneration.
  5822 | D:6      | 5822 ||| READING 3 scrolls of identify.
  5822 | D:6      | 5822 ||| IDENTIFYING brown potion
  5823 | D:6      | 5823 ||| READING 2 scrolls of identify.
  5823 | D:6      | 5823 ||| IDENTIFYING fizzy clear potion
  5864 | D:7      | 5864 ||| Stepping ~*~*~tactically~*~*~ (hiding).
  5911 | D:7      | 5911 ||| Stepping ~*~*~tactically~*~*~ (stealth).
  5918 | D:7      | Reached skill level 6 in Fighting
  6031 | D:7      | 6031 ||| Stepping ~*~*~tactically~*~*~ (stealth).
  6067 | D:7      | Found a snail-covered altar of Cheibriados.
  6068 | D:7      | 6068 ||| READING 4 scrolls of teleportation.
  6365 | D:7      | 6365 ||| READING 4 scrolls of teleportation.
  6423 | D:7      | 6423 ||| READING 3 scrolls of teleportation.
  6490 | D:7      | 6490 ||| READING 2 scrolls of teleportation.
  6553 | D:7      | 6553 ||| READING scroll of teleportation.
  6701 | D:8      | 6701 ||| Stepping ~*~*~tactically~*~*~ (stealth).
  6703 | D:8      | 6703 ||| INVOKING Berserk.
  6713 | D:8      | Reached XP level 9. HP: 75/75 MP: 8/8
  6723 | D:8      | Reached skill level 11 in Axes
  6726 | D:8      | HP: 17/75 [poisoned by a kobold brigand]
  6731 | D:8      | HP: 14/75 [poisoned by a kobold brigand]
  6804 | D:8      | Noticed a manticore
  6805 | D:8      | 6805 ||| Stepping ~*~*~tactically~*~*~ (hiding).
  6808 | D:8      | 6808 ||| INVOKING Berserk.
  6813 | D:8      | Killed a manticore
  6953 | D:8      | 6953 ||| Stepping ~*~*~tactically~*~*~ (stealth).
  6965 | D:8      | 6965 ||| UPGRADING to +0 cloak.
  6970 | D:8      | 6970 ||| Stepping randomly (stuck).
  6971 | D:8      | 6971 ||| Stepping randomly (stuck).
  7001 | D:8      | Noticed a boulder beetle
  7002 | D:8      | 7002 ||| Stepping ~*~*~tactically~*~*~ (stealth).
  7007 | D:8      | 7007 ||| INVOKING Berserk.
  7029 | D:8      | Killed a boulder beetle
  7030 | D:8      | Reached skill level 12 in Axes
  7132 | D:8      | Found a blossoming altar of Fedhas.
  7139 | D:8      | 7139 ||| FLEEEEING.
  7140 | D:8      | 7140 ||| INVOKING Berserk.
  7142 | D:8      | Noticed a two-headed ogre
  7156 | D:8      | HP: 24/112 [two-headed ogre/+0 giant club (15)]
  7158 | D:8      | Reached skill level 6 in Armour
  7158 | D:8      | Slain by a two-headed ogre

Levels and vault maps discovered:
D:1:      minmay_arrival_shoal_huts, layout_rooms,
          shapermc_ecumenical_altar_ellora, corner_web_ring
D:2:      layout_loops_corners, hex_medium, minmay_pentomino_pile
D:3:      layout_loops_ring, dancing_weapons_uskayaw, ebering_ghost_inner_flame,
          st_stairs_10
D:4:      layout_cave_pools, minmay_shop_enchanted_jewellery
D:5:      layout_cave_pools, nicolae_ru_awakened_eye,
          mainiacjoe_overflow_concentric_impassable,
          minmay_temple_entry_junction_2, kennysheep_boxes, uniq_blork_the_orc
D:6:      layout_loops_ring, lemuel_zombie_altar_kikubaaqudgha, serial_shops,
          shop, hangedman_decor_clover_reticule, dreamdust_princess_bridge,
          uniq_eustachio
D:7:      layout_gridville, cheibrodos_worm_habitat
D:8:      nicolae_BIG_FREAKIN_CUBE, layout_loops_cross, fedhas_altar_2,
          enter_bailey_2, minmay_shattered_shrine

Skill      XL: |  1  2  3  4  5  6  7  8  9 |
---------------+----------------------------+-----
Axes           | 4 5 7 8 10 12 | 12.7
Throwing       | 1 2 |  2.3
Fighting       | 5 6 |  6.2
Armour         | 3 4 6 |  6.1
Shields        | 7 8 |  8.6
Dodging        | |  2.1

Action                   |  1- 3 |  4- 6 |  7- 9 || total
-------------------------+-------+-------+-------++-------
Melee: Hand axe          |    65 |    59 |       ||   124
       Headbutt          |     8 |    11 |    35 ||    54
       War axe           |       |    25 |   145 ||   170
       Punch             |       |     1 |     1 ||     2
Throw: Javelin           |       |    59 |    34 ||    93
       Boomerang         |       |    20 |       ||    20
Invok: Berserk           |     2 |     2 |    10 ||    14
  Use: Scroll            |     5 |     8 |     9 ||    22
       Potion            |       |     2 |     1 ||     3
Armor: Animal skin       |    13 |       |       ||    13
       Scale mail        |     3 |    20 |       ||    23
       Plate armour      |       |    18 |    53 ||    71
Dodge: Dodged            |    51 |    42 |    47 ||   140
Block: Kite shield       |       |       |    53 ||    53

Table legend:
 A = Non-vault XP
 B = Vault XP
 C = Vault XP percentage of total XP
 D = Non-vault monster count
 E = Vault monster count
 F = Vault count percentage of total count
                 A         B        C        D         E       F
            +---------+---------+-------+---------+---------+-------
      Total |    2961 |    2462 |  45.4 |     126 |      24 |  16.0
            +---------+---------+-------+---------+---------+-------
        D:1 |      48 |       0 |   0.0 |      27 |       0 |   0.0
        D:2 |      58 |      11 |  15.9 |      13 |       6 |  31.6
        D:3 |      59 |       5 |   7.8 |      23 |       3 |  11.5
        D:4 |     293 |       0 |   0.0 |      20 |       0 |   0.0
        D:5 |     866 |      99 |  10.3 |      17 |       1 |   5.6
        D:6 |     646 |     208 |  24.4 |      16 |       4 |  20.0
        D:7 |     360 |       5 |   1.4 |       4 |       1 |  20.0
        D:8 |     631 |    2134 |  77.2 |       6 |       9 |  60.0
            +---------+---------+-------+---------+---------+-------
